Map: Odyssey LE

Players

Yata

  • Race: Zerg Zerg
  • League: Gold
  • Spawn Location: 5:00

Spets - Winner!

  • Race: Terran Terran
  • Spawn Location: 11:00

VOD

Have the link to the VOD?

Description

Time

  • Played on: Sept. 9, 2017, 1:35 p.m.
  • Length: 10:09
Show
View Real Time Build Order
Export as new Build Order

Yata Zerg 

Build Orders: Hatch First, Muta Ling Bane 

Get SALT Encoding   

  12  0:01  Drone  
  13  0:12  Overlord  
  13  0:17  Drone  
  14  0:30  Drone x2  
  14  0:34  Drone  
  17  0:55  Drone  
  17  0:56  Hatchery  
  17  0:59  Drone  
  18  1:09  Extractor  
  17  1:16  Spawning Pool  
  17  1:17  Drone  
  17  1:24  Drone  
  18  1:33  Drone  
  19  1:41  Drone  
  20  1:49  Overlord  
  20  2:00  Drone  
  21  2:07  Queen  
  21  2:08  Queen  
  23  2:12  Zergling x4  
  27  2:18  Metabolic Boost  
  26  2:39  Drone x2  
  26  2:40  Drone x2  
  29  2:49  Baneling Nest  
  29  2:50  Drone x2  
  30  2:52  Overlord  
  30  3:08  Drone x2  
  30  3:09  Drone  
  33  3:15  Drone  
  33  3:16  Drone x3  
  37  3:27  Drone x4  
  38  3:32  Zergling x2, Evolution Chamber  
  41  3:43  Extractor, Lair  
  41  3:47  Queen  
  42  3:49  Overlord  
  42  4:08  Zerg Melee Weapons Level 1  
  42  4:21  Zergling x4  
  42  4:23  Hatchery  
  43  4:44  Baneling x3  
  43  4:48  Zergling x2  
  43  4:50  Overlord x2  
  43  4:51  Overlord  
  44  4:54  Centrifical Hooks  
  44  5:01  Extractor  
  44  5:03  Extractor  
  42  5:15  Drone  
  42  5:16  Drone x5  
  48  5:30  Drone x4  
  48  5:31  Drone  
  53  5:37  Drone x4  
  53  5:42  Zergling x2  
  58  5:46  Pneumatized Carapace  
  58  5:54  Overlord x3  
  58  6:03  Drone x7  
  65  6:07  Zerg Ground Armor Level 1  
  65  6:12  Drone x4, Queen  
  65  6:13  Drone  
  65  6:17  Zergling x2  
  65  6:18  Zergling x10  
  78  6:20  Spore Crawler  
  78  6:22  Spore Crawler  
  78  6:23  Overseer  
  76  6:36  Zergling x12  
  63  7:19  Drone x4  
  67  7:32  Drone  
  68  7:39  Queen  
  68  7:41  Queen x2  
  74  7:44  Hatchery  
  73  7:51  Spire  
  73  7:55  Spire  
  73  7:57  Zergling x6  
  73  7:58  Zergling x12  
  79  8:06  Zergling x2  
  79  8:07  Zergling x4  
  79  8:10  Baneling x7  
  82  8:18  Overlord x3  
  82  8:19  Overlord x4  
  78  8:43  Zergling x2  
  78  8:44  Zergling x16  
  69  9:04  Baneling x5  
  69  9:05  Baneling x2  
  69  9:06  Mutalisk  
  69  9:07  Mutalisk x5  
  81  9:11  Queen  
  81  9:14  Zergling x8  
  87  9:21  Baneling x2  
  87  9:22  Baneling x2  
  87  9:23  Zergling x10  
  87  9:24  Zergling x8  
  96  9:34  Drone x4  
  96  9:35  Drone x2  
Show
View Real Time Build Order
Export as new Build Order

Spets Terran - Winner!

Build Orders: Reaper Expand, MMM Bio 

Get SALT Encoding   

  12  0:00  SCV  
  13  0:13  SCV  
  14  0:17  Supply Depot  
  14  0:27  SCV  
  15  0:39  SCV  
  15  0:41  Barracks  
  16  0:45  Refinery  
  16  0:51  SCV  
  17  1:03  SCV  
  18  1:15  SCV  
  18  1:17  Refinery  
  19  1:28  Orbital Command  
  19  1:29  Reaper  
  20  1:48  Command Center  
  20  1:58  SCV  
  21  2:01  Supply Depot  
  21  2:03  Barracks Reactor  
  21  2:15  SCV  
  22  2:39  Marine x2  
  22  2:42  SCV  
  22  2:43  Factory  
  25  2:45  Refinery  
  25  2:57  SCV, Marine x2  
  28  3:00  Orbital Command  
  28  3:09  Barracks x2, SCV  
  29  3:15  Marine x2  
  31  3:25  SCV  
  32  3:29  Supply Depot  
  32  3:31  SCV  
  32  3:33  Marine x2  
  35  3:34  Factory Tech Lab  
  35  3:39  SCV  
  36  3:43  SCV  
  37  3:51  SCV  
  37  3:54  Marine x2  
  40  3:56  Siege Tank  
  43  4:03  Barracks Tech Lab x2  
  43  4:06  SCV  
  43  4:07  SCV, Starport  
  44  4:12  Marine x2  
  44  4:16  Refinery  
  46  4:21  Supply Depot  
  46  4:25  Marine x2  
  46  4:27  SCV x2  
  46  4:30  Siege Tank  
  53  4:39  SCV  
  53  4:42  SCV  
  53  4:45  Engineering Bay  
  55  4:46  Medivac  
  55  4:47  Engineering Bay  
  55  4:51  SCV  
  58  4:52  Supply Depot  
  58  4:57  Marine x3  
  61  5:02  Refinery  
  61  5:04  SCV  
  62  5:14  SCV  
  62  5:15  Supply Depot  
  62  5:16  SCV  
  62  5:19  Supply Depot, Marine x2  
  62  5:20  Marine  
  67  5:21  Starport Reactor  
  67  5:26  SCV  
  68  5:30  Terran Infantry Armor Level 1, Terran Infantry Weapons Level 1  
  68  5:33  SCV  
  69  5:38  SCV  
  69  5:42  Combat Shields  
  70  5:43  Stimpack  
  70  5:44  Marine x2  
  70  5:45  Supply Depot  
  72  6:03  Marine, Marauder  
  75  6:05  Command Center  
  75  6:07  Medivac  
  75  6:10  Medivac  
  79  6:20  Supply Depot  
  79  6:21  Marine x2  
  79  6:22  Marauder  
  83  6:28  Armory  
  83  6:30  Supply Depot  
  83  6:32  SCV  
  83  6:49  Marine x2  
  83  6:50  Siege Tank, Marauder x2  
  92  7:07  Medivac, Marine x2  
  95  7:11  Marauder x2  
  98  7:25  Marine  
  96  7:33  Marauder  
  96  7:34  Marine  
  96  7:35  Widow Mine, Marauder  
  103  7:41  Command Center  
  103  7:42  Supply Depot  
  103  7:43  Marine  
  104  7:52  Marine  
  104  7:53  Marine  
  106  8:02  Marine  
  106  8:03  Marauder  
  106  8:05  Orbital Command  
  109  8:09  SCV x2  
  109  8:10  Marine  
  109  8:12  Marauder  
  114  8:20  Marine  
  114  8:21  SCV x2  
  114  8:24  Marauder  
  119  8:28  Marine  
  119  8:33  Marine  
  113  8:48  Marine x2  
  103  8:49  Siege Tank, Marauder  
  103  8:51  Liberator, Marauder  
  103  8:52  Liberator  
  112  8:59  Barracks, Orbital Command  
  112  9:02  Barracks  
  112  9:03  Barracks x2  
  112  9:06  Marine x2  
  120  9:10  Marauder  
  120  9:12  Marauder  
  122  9:21  Siege Tank  
  122  9:24  Marine  
  125  9:26  SCV  
  125  9:31  Starport  
  127  9:34  Marine x2, Marauder  
  129  9:57  Missile Turret x2  
  129  9:58  Missile Turret  
  129  9:59  Missile Turret  
  129  10:00  Missile Turret x2  
  129  10:02  Missile Turret x2  
  129  10:05  Barracks Reactor x3, Barracks Tech Lab  
Tags
 
League
Gold
Matchup
TvZ
Replay Pack
Pack 1
Spawn Locations
Cross Positions
Add a new tag
Caveats
  • Supply blocks, unpowered buildings, or Contaminate may cause inaccurate times.
  • Supply counts are checked every 10 seconds.